 Dungeon Crawl Stone Soup version 0.21-a0-496-g696f58f (webtiles) character file.

46 Gildeon the Chopper (level 3, -3/46 HPs)
             Began as a Minotaur Berserker on Nov 23, 2017.
             Was a Believer of Trog.
             Slain by a gnoll
             ... wielding a +0 spear
              (6 damage)
             ... on level 2 of the Dungeon.
             The game lasted 00:02:49 (916 turns).

Gildeon the Chopper (Minotaur Berserker)             Turns: 916, Time: 00:02:49

Health: -3/46      AC:  2    Str: 27    XL:     3   Next: 46%
Magic:  2/2        EV: 12    Int:  4    God:    Trog [**....]
Gold:   43         SH:  0    Dex:  9    Spells: 2/2 levels left

rFire    . . .     SeeInvis .   a - +0 hand axe
rCold    . . .     Gourm    .   (no shield)
rNeg     . . .     Faith    .   b - +0 animal skin
rPois    .         Spirit   .   (helmet restricted)
rElec    .         Reflect  .   (no cloak)
rCorr    .         Harm     .   (no gloves)
MR       .....                  (no boots)
Stlth    ..........             (no amulet)
HPRegen  0.15/turn              (no ring)
MPRegen  0.08/turn              (no ring)

@: berserking, very quick
A: retaliatory headbutt, horns 2
a: Berserk, Trog's Hand, Burn Spellbooks, Renounce Religion


You were on level 2 of the Dungeon.
You worshipped Trog.
Trog was pleased with you.
You were hungry.

You visited 1 branch of the dungeon, and saw 2 of its levels.

You collected 43 gold pieces.

Inventory:

Hand Weapons
 a - a +0 hand axe (weapon)
Armour
 b - a +0 animal skin (worn)
Potions
 d - a potion of curing
 e - a potion of heal wounds {unknown}
 g - a potion of invisibility {unknown}
Comestibles
 c - a bread ration


   Skills:
 - Level 3.6 Fighting
 + Level 5.5 Axes
 - Level 2.4 Armour
 - Level 2.1 Dodging


You had 2 spell levels left.
You didn't know any spells.

Dungeon Overview and Level Annotations

Branches:
Dungeon (2/15)

Altars:


Innate Abilities, Weirdness & Mutations

You reflexively headbutt those who attack you in melee.
You have a pair of horns on your head.


Message History

* * * LOW HITPOINT WARNING * * *
A kobold comes into view. It is wielding a whip.
The kobold shouts!
You slash the gnoll!
You kill the gnoll!
Trog accepts your kill.
You can now call upon Trog for regeneration and protection from hostile enchantments.
You barely miss the gnoll. You hit the giant cockroach. You hit the hobgoblin.
You kill the hobgoblin!
Trog accepts your kill. The giant cockroach closely misses you.
You furiously retaliate!
You headbutt the giant cockroach!
You kill the giant cockroach!
Trog accepts your kill. The gnoll hits you with a spear.
* * * LOW HITPOINT WARNING * * *
You hit the gnoll.
The gnoll is almost dead.
The gnoll hits you with a spear.
You die...

#.......(.#
.........
....... #
..... #. ...
#.. #.# #..
#.#
#..###†####
#....$@..#
##..<))g.#
#.......#
#.......#
#.......#
.........#
###...K.....
####.###.##
.. .#


You could see a gnoll and a kobold.

Vanquished Creatures
  2 gnolls (D:2)
  An ooze (D:1)
  A dart slug (D:1)
  3 bats (D:1)
  3 giant cockroaches
  5 hobgoblins
  2 frilled lizards (D:1)
  2 goblins (D:1)
  A kobold (D:1)
  A rat (D:1)
21 creatures vanquished.

Notes
Turn   | Place    | Note
-------+----------+-------------------------------------------
     0 | D:1      | Gildeon the Minotaur Berserker began the quest for the Orb.
     0 | D:1      | Reached XP level 1. HP: 19/19 MP: 0/0
   262 | D:1      | Reached skill level 4 in Axes
   334 | D:1      | Reached XP level 2. HP: 26/26 MP: 1/1
   912 | D:2      | Reached skill level 5 in Axes
   912 | D:2      | Reached XP level 3. HP: 6/31 MP: 2/2
   915 | D:2      | Reached ** piety under Trog
   915 | D:2      | HP: 2/46 [gnoll/spear (2)]
   916 | D:2      | Slain by a gnoll

Vault maps used:
D:1:      dpeg_arrival_windows_large_door

Skill      XL: |  1  2 |
---------------+-------+-----
Axes           | 4 5 |  5.5
Fighting       | |  3.6
Armour         | |  2.4
Dodging        | |  2.1

Action                   || total
-------------------------++-------
Melee: Hand axe          ||    42
       Headbutt          ||     4
Invok: Berserk           ||     1
  Use: Scroll            ||     3
       Potion            ||     1
Armor: Animal skin       ||    11
Dodge: Dodged            ||    28

Table legend:
 A = Spawn XP
 B = Non-spawn XP
 C = Spawn XP percentage of total XP
 D = Spawn monster count
 E = Non-spawn monster count
 F = Spawn count percentage of total count
 G = Total turns spent on level
                    A         B        C        D         E        F      G
               +---------+---------+-------+---------+---------+-------+---------
         Total |       0 |      67 |   0.0 |       0 |      21 |   0.0 |   916
               +---------+---------+-------+---------+---------+-------+---------
           D:1 |       0 |      34 |   0.0 |       0 |      17 |   0.0 |   903
           D:2 |       0 |      33 |   0.0 |       0 |       4 |   0.0 |    13
               +---------+---------+-------+---------+---------+-------+---------
